 Dungeon Crawl Stone Soup version 0.30-a0-2-gf48d83f5e2 (webtiles) character file.

Game seed: 11349294783043050058

7 kae the Firebug (level 1, 0/10 HPs)
             Began as a Deep Elf Fire Elementalist on Aug 19, 2022.
             Slain by a goblin
             ... wielding a +0 club
              (4 damage)
             ... on level 1 of the Dungeon.
             The game lasted 00:00:16 (230 turns).

kae the Firebug (Deep Elf Fire Elementalist)         Turns: 230, Time: 00:00:17

Health: 0/10       AC:  2    Str:  5    XL:     1   Next: 91%
Magic:  2/6        EV: 12    Int: 19    God:
Gold:   13         SH:  0    Dex: 15    Spells: 5/6 levels left

rFire   . . .      SeeInvis .    (no weapon)
rCold   . . .      Faith    .    (no shield)
rNeg    . . .      Spirit   .    a - +0 robe
rPois   .          Reflect  .    (no helmet)
rElec   .          Harm     .    (no cloak)
rCorr   .          Rampage  .    (no gloves)
Will    .....                    (no boots)
Stlth   ++........               (no amulet)
HPRegen 0.03/turn                (no ring)
MPRegen 0.10/turn                (no ring)

@: no status effects
A: no striking features
a: no special abilities


You were on level 1 of the Dungeon.
You visited 1 branch of the dungeon, and saw 1 of its levels.

You collected 13 gold pieces.


   Skills:
 - Level 2.4 Dodging
 - Level 2.4 Stealth
 + Level 3.1 Spellcasting
 * Level 1.6 Conjurations
 * Level 3.5 Fire Magic


You had 5 spell levels left.
You knew the following spells:

 Your Spells              Type           Power      Damage    Failure   Level
a - Foxfire               Conj/Fire      48%        2x1d6     5%          1

Your spell library contained the following spells:

 Spells                   Type           Power      Damage    Failure   Level
 Scorch                   Fire           32%        2d7       5%          2
 Conjure Flame            Conj/Fire      12%        6-21      16%         3
 Inner Flame              Hex/Fire       9%         N/A       22%         3
 Flame Wave               Conj/Fire      12%        2d6       45%         4

Inventory:

Missiles
 c - 13 stones
Armour
 a - a +0 robe (worn)
Scrolls
 d - a scroll of silence {unknown}
Potions
 b - a potion of magic

Dungeon Overview and Level Annotations

Branches:
Dungeon (1/15) Zot: 5769

Altars:

######
####.....
#....####
##########.##.#
#@.........##.#
#g###########.#
$......l.....l.
#.####
.........#####.
#....)
......$...
####.#
.##........ #.#
##...#.###
#####.# ##.# .#
#...... #. .#
#.#.#>#


You could see a goblin and a frilled lizard.


Message History

A kobold comes into view. It is wielding a +0 club. 😎 MP[+1]
A kobold is nearby!
Casting: Foxfire (safe; 6% risk of failure)
Confirm with . or Enter, or press ? or * to list all spells.
You conjure some foxfire!
The foxfire hits the kobold.
You kill the kobold! 😎 MP[-1]
You lost 1 mp, and now have 4/6 mp.
Casting: Foxfire (safe; 5% risk of failure)
Confirm with . or Enter, or press ? or * to list all spells.
You conjure some foxfire! 😎 MP[-1]
You lost 1 mp, and now have 3/6 mp.
c - 13 stones (gained 5)
Things that are here:
a +0 club; a kobold corpse A rat comes into view. 😎 MP[+2]
You regained 2 mp, and now have 5/6 mp.
A rat is nearby!
A rat is nearby!
A rat is nearby!
Casting: Foxfire (safe; 5% risk of failure)
Confirm with . or Enter, or press ? or * to list all spells.
You conjure some foxfire!
Casting: Foxfire (safe; 5% risk of failure)
Confirm with . or Enter, or press ? or * to list all spells.
You conjure some foxfire! 😎 MP[-1]
You lost 1 mp, and now have 4/6 mp.
A rat is nearby!
A rat is nearby!
A rat is nearby!
Casting: Foxfire (safe; 5% risk of failure)
Confirm with . or Enter, or press ? or * to list all spells.
You conjure some foxfire!
The foxfire hits the rat.
You kill the rat! 😎 MP[-1]
You lost 1 mp, and now have 3/6 mp.
d - a scroll labelled LEOCEB VEGIPP 😎 MP[+2]
You regained 2 mp, and now have 5/6 mp.
Things that are here:
a +0 club; a kobold corpse A ball python comes into view. 😎 MP[+1]
Your mp is fully restored (6).
A ball python is nearby!
A ball python is nearby!
A ball python is nearby!
Casting: Foxfire (safe; 5% risk of failure)
Confirm with . or Enter, or press ? or * to list all spells.
You conjure some foxfire!
The foxfire hits the ball python.
You kill the ball python! 😎 MP[-1]
You lost 1 mp, and now have 5/6 mp.
Casting: Foxfire (safe; 5% risk of failure)
Confirm with . or Enter, or press ? or * to list all spells.
You conjure some foxfire! 😎 MP[-1]
You lost 1 mp, and now have 4/6 mp.
A goblin comes into view. It is wielding a +0 club. 😎 MP[+1]
A goblin is nearby!
A goblin is nearby! 2 frilled lizards come into view.
The frilled lizard hisses angrily.
The goblin shouts!
The frilled lizard hisses angrily.
Casting: Foxfire (safe; 5% risk of failure)
Confirm with . or Enter, or press ? or * to list all spells.
You miscast Foxfire.
You are very lightly contaminated with residual magic.
Nothing appears to happen.
The frilled lizard bites you but does no damage.
Casting: Foxfire (safe; 5% risk of failure)
Confirm with . or Enter, or press ? or * to list all spells.
You conjure some foxfire!
The frilled lizard bites you.
The foxfire hits the frilled lizard.
The frilled lizard bites you. 😮 HP[-4] MP[-1]
You take 4 damage, and now have 6/10 hp.
MASSIVE DAMAGE!! (PAUSE)
You lost 1 mp, and now have 4/6 mp.
Casting: Foxfire (safe; 5% risk of failure)
Confirm with . or Enter, or press ? or * to list all spells.
You conjure some foxfire!
The frilled lizard barely misses you.
The foxfire hits the frilled lizard.
You kill the frilled lizard! 😮 MP[-1]
You lost 1 mp, and now have 3/6 mp.
Unknown command.
Casting: Foxfire (safe; 5% risk of failure)
Confirm with . or Enter, or press ? or * to list all spells.
You conjure some foxfire!
The goblin hits you with a +0 club.
* * * LOW HITPOINT WARNING * * *
Your magical contamination has completely faded away.
The foxfire hits the goblin.
The goblin hits you with a +0 club.
You die...

Action                   || total
-------------------------++-------
 Cast: Foxfire           ||    19
Armor: Robe              ||     1
Dodge: Dodged            ||     1

Levels and vault maps discovered:
D:1:      onia_arrival_handbag, layout_loops_ring, minmay_pentomino_q4

Notes
Turn   | Place    | Note
-------+----------+-------------------------------------------
     0 | D:1      | kae the Deep Elf Fire Elementalist began the quest for the
                  | Orb.
     0 | D:1      | Reached XP level 1. HP: 10/10 MP: 6/6
     0 | D:1      | magus.rc [v1.11.3]
   230 | D:1      | Slain by a goblin

Vanquished Creatures
  A ball python (D:1)
  An endoplasm (D:1)
  A frilled lizard (D:1)
  2 kobolds (D:1)
  3 rats (D:1)
8 creatures vanquished.

Vanquished Creatures (others)
  31 foxfires (D:1)
31 creatures vanquished.

Grand Total: 39 creatures vanquished

Table legend:
 A = Non-vault XP
 B = Vault XP
 C = Vault XP percentage of total XP
 D = Non-vault monster count
 E = Vault monster count
 F = Vault count percentage of total count
                 A         B        C        D         E       F
            +---------+---------+-------+---------+---------+-------
      Total |       6 |       5 |  45.5 |       4 |       4 |  50.0
            +---------+---------+-------+---------+---------+-------
        D:1 |       6 |       5 |  45.5 |       4 |       4 |  50.0
            +---------+---------+-------+---------+---------+-------

Illustrated notes

Table legend:
 A = Kills in this place as a percentage of kills in entire the game.
 B = Kills by you in this place as a percentage of kills by you in the entire game.
 C = Kills by friends in this place as a percentage of kills by friends in the entire game.
 D = Other kills in this place as a percentage of other kills in the entire game.
 E = Experience gained in this place as a percentage of experience gained in the entire game.
 F = Experience gained in this place divided by the number of levels of this place that you have seen.
                   A       B       C       D       E      F
               +-------+-------+-------+-------+-------+----------------------
         Total | 100.0 | 100.0 |   N/A |   N/A | 100.0 |  11.0
       Dungeon | 100.0 | 100.0 |   N/A |   N/A | 100.0 |  11.0
               +-------+-------+-------+-------+-------+----------------------

Table legend: (Time is in decaauts)
 A = Elapsed time spent in this place.
 B = Non-inter-level travel time spent in this place.
 C = Inter-level travel time spent in this place.
 D = Time resting spent in this place.
 E = Time spent auto-exploring this place.
 F = Levels seen in this place.
 G = Mean time per level.
                   A        B        C        D        E       F      G
               +--------+--------+--------+--------+--------+-----+--------+
         Total |    230 |    230 |      0 |      0 |    172 |   1 |  230.0 |
       Dungeon |    230 |    230 |      0 |      0 |    172 |   1 |  230.0 |
               +--------+--------+--------+--------+--------+-----+--------+

Top non-repeatable levels by time:
     D:1: 230 daAuts
